[ AOE2 MATCH · #495969135 ]
UnrankedKhmer vs Bohemians
Player's team · LOSS
Rival team · WIN
[ REPLAY ANALYSIS · EXTRACTED FROM THE RECORDED GAME ]
Feudal
11:46
Castle
14:27
Imperial
—
| APM avg | 48.7 |
| APM peak | 96 |
| eAPM avg | 25.9 |
| Villagers / military | 106 / 16 |
Focus
⚔️ 28.5% · 🌾 71.5%
Scout Cavalry ×7 · Scorpion ×5 · Monk ×3 · Battering Ram ×1
Feudal
9:04
Castle
24:09
Imperial
—
| APM avg | 73.8 |
| APM peak | 132 |
| eAPM avg | 23.6 |
| Villagers / military | 51 / 39 |
Focus
⚔️ 26.0% · 🌾 74.0%
Archer ×18 · Knight ×10 · Spearman ×7 · Mangonel ×3 · Monk ×1
Match map
Initial resources + every placement click. Lines = walls · curves = elevation contours. ◆ gold · ⬟ stone · ● berries · ✦ relic · ◌ wall gap
Your base· Open — 6t gap
_Riley_'s base· Open — unwalled flank
Smoothed initial terrain · ◌ = detected wall gap · hover for details
Inputs per minute
— [DDocs] Dr.Elektrostuhl - - _Riley_
Build order — [DDocs] Dr.Elektrostuhl
First 150 of 237 actions detected
| 0:00 | Queue | Villager (Male) ×4 |
| 0:01 | Queue | Villager (Male) ×4 |
| 0:02 | Build | House |
| 0:02 | Build | House |
| 1:25 | Queue | Villager (Male) |
| 1:58 | Queue | Villager (Male) |
| 2:02 | Build | Lumber Camp |
| 2:12 | Queue | Villager (Male) |
| 2:44 | Queue | Villager (Male) |
| 3:05 | Queue | Villager (Male) |
| 3:42 | Queue | Villager (Male) |
| 3:55 | Build | House |
| 4:00 | Build | Palisade Wall |
| 4:02 | Build | Palisade Wall |
| 4:05 | Queue | Villager (Male) |
| 4:06 | Queue | Villager (Male) |
| 4:56 | Queue | Villager (Male) |
| 4:56 | Queue | Villager (Male) |
| 5:23 | Build | Mill |
| 5:24 | Queue | Villager (Male) |
| 5:24 | Queue | Villager (Male) |
| 5:47 | Queue | Villager (Male) |
| 6:03 | Build | House |
| 6:36 | Build | Palisade Wall |
| 7:00 | Queue | Villager (Male) |
| 7:01 | Queue | Villager (Male) |
| 7:47 | Queue | Villager (Male) |
| 7:52 | Queue | Villager (Male) |
| 7:53 | Research | Loom |
| 8:06 | Build | House |
| 8:08 | Build | Palisade Wall |
| 8:12 | Build | Mining Camp |
| 8:39 | Research | Loom |
| 8:53 | Build | House |
| 8:54 | Build | House |
| 9:05 | Queue | Villager (Male) |
| 9:05 | Research | Feudal Age |
| 9:12 | Build | Palisade Wall |
| 9:27 | Build | Farm |
| 9:48 | Build | Palisade Wall |
| 9:54 | Build | Farm |
| 10:27 | Build | Farm |
| 10:30 | Build | Farm |
| 11:35 | Build | Palisade Wall |
| 11:46 | Age | Feudal Age |
| 11:47 | Research | Castle Age |
| 11:52 | Build | Palisade Wall |
| 12:07 | Build | House |
| 12:21 | Build | House |
| 12:28 | Build | Farm |
| 12:34 | Build | Stable |
| 12:56 | Build | House |
| 13:25 | Build | Farm |
| 13:32 | Build | Farm |
| 13:33 | Research | Double-Bit Axe |
| 13:35 | Research | Horse Collar |
| 13:36 | Queue | Scout Cavalry |
| 13:52 | Build | Farm |
| 14:04 | Build | House |
| 14:05 | Build | House |
| 14:07 | Queue | Villager (Male) |
| 14:08 | Queue | Scout Cavalry |
| 14:27 | Age | Castle Age |
| 14:44 | Queue | Villager (Male) |
| 15:01 | Build | Town Center |
| 15:04 | Queue | Villager (Male) |
| 15:06 | Build | Farm |
| 15:26 | Build | Farm |
| 15:30 | Research | Light Cavalry (upgrade) |
| 15:57 | Queue | Villager (Male) |
| 16:16 | Queue | Scout Cavalry |
| 16:22 | Build | Monastery |
| 16:38 | Queue | Villager (Male) |
| 16:45 | Queue | Villager (Male) |
| 17:02 | Queue | Villager (Male) |
| 17:29 | Build | Farm |
| 17:58 | Queue | Villager (Male) |
| 17:59 | Queue | Villager (Male) |
| 18:11 | Build | Lumber Camp |
| 18:14 | Build | House |
| 18:18 | Queue | Villager (Male) |
| 18:18 | Queue | Villager (Male) |
| 18:25 | Queue | Villager (Male) |
| 18:32 | Build | Siege Workshop |
| 18:48 | Queue | Villager (Male) |
| 18:48 | Queue | Villager (Male) |
| 19:18 | Queue | Scout Cavalry |
| 19:24 | Build | Farm |
| 19:28 | Build | Farm |
| 19:45 | Queue | Scorpion |
| 19:45 | Queue | Scorpion |
| 19:46 | Build | Farm |
| 20:03 | Queue | Villager (Male) |
| 20:05 | Queue | Villager (Male) |
| 20:53 | Queue | Scorpion |
| 21:07 | Queue | Villager (Male) |
| 21:07 | Queue | Villager (Male) |
| 21:08 | Queue | Villager (Male) |
| 21:08 | Queue | Villager (Male) |
| 21:10 | Queue | Villager (Male) |
| 21:23 | Queue | Villager (Male) |
| 21:24 | Build | Farm |
| 21:24 | Build | Farm |
| 21:24 | Build | Farm |
| 21:24 | Build | Farm |
| 21:25 | Build | Farm |
| 21:25 | Build | Farm |
| 21:25 | Build | Farm |
| 21:25 | Build | Farm |
| 21:25 | Build | Farm |
| 21:37 | Queue | Villager (Male) |
| 21:37 | Queue | Villager (Male) |
| 21:54 | Queue | Villager (Male) |
| 21:54 | Queue | Villager (Male) |
| 22:01 | Queue | Villager (Male) |
| 22:10 | Queue | Villager (Male) |
| 22:15 | Build | Farm |
| 22:17 | Queue | Villager (Male) |
| 22:23 | Queue | Battering Ram |
| 22:25 | Queue | Villager (Male) |
| 22:28 | Queue | Villager (Male) |
| 22:49 | Queue | Villager (Male) |
| 23:03 | Queue | Villager (Male) |
| 23:05 | Queue | Villager (Male) |
| 23:16 | Build | Town Center |
| 23:32 | Queue | Villager (Male) |
| 23:33 | Queue | Villager (Male) |
| 23:34 | Research | Bow Saw |
| 23:34 | Research | Bow Saw |
| 23:46 | Queue | Villager (Male) |
| 23:52 | Queue | Villager (Male) |
| 24:01 | Queue | Villager (Male) |
| 24:05 | Build | Farm |
| 24:27 | Queue | Villager (Male) |
| 24:31 | Build | Farm |
| 24:38 | Research | Town Watch |
| 24:38 | Research | Wheelbarrow |
| 24:45 | Queue | Scorpion |
| 24:48 | Queue | Villager (Male) |
| 25:12 | Build | Palisade Gate |
| 25:42 | Build | Palisade Wall |
| 25:55 | Queue | Villager (Male) |
| 25:55 | Queue | Villager (Male) |
| 25:55 | Queue | Villager (Male) |
| 25:59 | Queue | Villager (Male) |
| 26:08 | Build | Farm |
| 26:08 | Build | Farm |
| 26:08 | Build | Farm |
| 26:08 | Build | Farm |
| 26:09 | Build | Farm |
Build order — _Riley_
First 150 of 169 actions detected
| 0:00 | Queue | Villager (Male) |
| 0:00 | Queue | Villager (Male) |
| 0:01 | Queue | Villager (Male) |
| 0:02 | Build | House |
| 0:03 | Build | House |
| 0:07 | Queue | Villager (Male) |
| 1:28 | Queue | Villager (Male) |
| 1:52 | Build | Lumber Camp |
| 1:58 | Queue | Villager (Male) |
| 2:15 | Queue | Villager (Male) |
| 2:46 | Queue | Villager (Male) |
| 3:08 | Queue | Villager (Male) |
| 3:27 | Build | House |
| 3:37 | Queue | Villager (Male) |
| 4:09 | Queue | Villager (Male) |
| 4:38 | Queue | Villager (Male) |
| 4:38 | Queue | Villager (Male) |
| 5:06 | Queue | Villager (Male) |
| 5:37 | Queue | Villager (Male) |
| 5:38 | Research | Loom |
| 5:56 | Build | Barracks |
| 6:54 | Research | Feudal Age |
| 7:36 | Build | Mining Camp |
| 7:58 | Queue | Villager (Male) |
| 8:02 | Build | House |
| 9:04 | Age | Feudal Age |
| 9:07 | Build | Archery Range |
| 9:18 | Build | Mill |
| 9:18 | Queue | Villager (Male) |
| 9:21 | Research | Double-Bit Axe |
| 9:21 | Research | Double-Bit Axe |
| 9:33 | Queue | Villager (Male) |
| 9:44 | Queue | Archer |
| 9:54 | Queue | Spearman |
| 10:07 | Build | Farm |
| 10:08 | Build | Farm |
| 10:16 | Queue | Archer |
| 10:20 | Build | House |
| 10:24 | Build | Farm |
| 10:33 | Queue | Archer |
| 10:45 | Build | Watch Tower |
| 10:59 | Build | House |
| 11:01 | Build | Blacksmith |
| 11:06 | Queue | Villager (Male) |
| 11:20 | Queue | Archer |
| 11:28 | Queue | Villager (Male) |
| 11:37 | Build | Farm |
| 11:59 | Queue | Archer |
| 12:06 | Build | House |
| 12:20 | Queue | Villager (Male) |
| 12:40 | Research | Fletching |
| 12:43 | Build | Archery Range |
| 12:51 | Build | House |
| 13:27 | Build | Mining Camp |
| 13:33 | Queue | Villager (Male) |
| 13:33 | Queue | Villager (Male) |
| 13:56 | Queue | Villager (Male) |
| 13:57 | Queue | Archer |
| 13:57 | Queue | Archer |
| 14:18 | Queue | Archer |
| 14:24 | Queue | Villager (Male) |
| 14:29 | Queue | Spearman |
| 14:29 | Queue | Spearman |
| 14:38 | Queue | Spearman |
| 14:43 | Queue | Archer |
| 15:13 | Queue | Villager (Male) |
| 15:24 | Queue | Archer |
| 15:30 | Queue | Spearman |
| 15:39 | Build | Farm |
| 15:40 | Build | Farm |
| 15:42 | Build | House |
| 15:45 | Queue | Archer |
| 15:58 | Build | Farm |
| 16:01 | Build | House |
| 16:21 | Build | Watch Tower |
| 16:28 | Queue | Archer |
| 16:33 | Queue | Archer |
| 16:39 | Queue | Archer |
| 16:50 | Queue | Villager (Male) |
| 17:05 | Queue | Spearman |
| 17:06 | Queue | Spearman |
| 17:07 | Queue | Archer |
| 17:36 | Queue | Villager (Male) |
| 17:38 | Build | Farm |
| 18:05 | Build | Watch Tower |
| 18:11 | Queue | Villager (Male) |
| 18:11 | Queue | Villager (Male) |
| 18:13 | Queue | Villager (Male) |
| 18:50 | Queue | Villager (Male) |
| 18:52 | Build | Farm |
| 19:05 | Build | House |
| 19:06 | Build | House |
| 19:23 | Queue | Villager (Male) |
| 19:54 | Queue | Villager (Male) |
| 20:21 | Build | House |
| 20:23 | Build | House |
| 20:52 | Queue | Villager (Male) |
| 21:19 | Build | Market |
| 21:29 | Research | Castle Age |
| 21:34 | Build | Lumber Camp |
| 22:15 | Build | Stable |
| 22:17 | Queue | Archer |
| 22:17 | Queue | Archer |
| 22:18 | Queue | Archer |
| 22:47 | Build | Farm |
| 22:50 | Build | Lumber Camp |
| 23:02 | Research | Scale Barding Armor |
| 23:02 | Research | Scale Barding Armor |
| 23:29 | Build | Stable |
| 24:00 | Research | Horse Collar |
| 24:09 | Build | Farm |
| 24:09 | Age | Castle Age |
| 24:10 | Build | Farm |
| 24:13 | Queue | Knight |
| 24:25 | Queue | Knight |
| 24:33 | Build | Monastery |
| 24:34 | Queue | Villager (Male) |
| 24:34 | Queue | Villager (Male) |
| 24:49 | Build | Farm |
| 24:50 | Build | Farm |
| 25:00 | Queue | Knight |
| 25:00 | Queue | Knight |
| 25:11 | Research | Fervor |
| 25:26 | Queue | Villager (Male) |
| 25:28 | Build | Farm |
| 25:43 | Queue | Knight |
| 25:49 | Build | Siege Workshop |
| 26:01 | Queue | Villager (Male) |
| 26:02 | Build | Farm |
| 26:25 | Queue | Mangonel |
| 26:30 | Queue | Monk |
| 26:37 | Queue | Villager (Male) |
| 26:38 | Queue | Villager (Male) |
| 27:12 | Research | Husbandry |
| 27:13 | Queue | Mangonel |
| 27:17 | Build | House |
| 27:19 | Build | House |
| 27:41 | Queue | Villager (Male) |
| 27:53 | Queue | Mangonel |
| 28:01 | Queue | Villager (Male) |
| 28:13 | Queue | Knight |
| 28:13 | Queue | Knight |
| 28:22 | Queue | Villager (Male) |
| 28:28 | Build | Farm |
| 28:30 | Build | Farm |
| 28:44 | Queue | Knight |
| 28:56 | Queue | Villager (Male) |
| 29:26 | Queue | Villager (Male) |
| 29:35 | Build | Outpost |
| 29:42 | Queue | Villager (Male) |
Match timeline
| 4:00 | [DDocs] Dr.Elektrostuhl · wall_segment Palisade Wall x14 |
| 4:02 | [DDocs] Dr.Elektrostuhl · wall_segment Palisade Wall x14 |
| 5:56 | _Riley_ · first_building Barracks |
| 6:36 | [DDocs] Dr.Elektrostuhl · wall_segment Palisade Wall x6 |
| 8:08 | [DDocs] Dr.Elektrostuhl · wall_segment Palisade Wall x4 |
| 9:04 | _Riley_ · age_up feudal |
| 9:07 | _Riley_ · first_building Archery Range |
| 9:12 | [DDocs] Dr.Elektrostuhl · wall_segment Palisade Wall x8 |
| 9:48 | [DDocs] Dr.Elektrostuhl · wall_segment Palisade Wall x4 |
| 11:35 | [DDocs] Dr.Elektrostuhl · wall_segment Palisade Wall x8 |
| 11:46 | [DDocs] Dr.Elektrostuhl · age_up feudal |
| 11:52 | [DDocs] Dr.Elektrostuhl · wall_segment Palisade Wall x1 |
| 12:34 | [DDocs] Dr.Elektrostuhl · first_building Stable |
| 14:27 | [DDocs] Dr.Elektrostuhl · age_up castle |
| 16:22 | [DDocs] Dr.Elektrostuhl · first_building Monastery |
| 18:32 | [DDocs] Dr.Elektrostuhl · first_building Siege Workshop |
| 22:08 | _Riley_ · first_market_buy 100 wood |
| 22:15 | _Riley_ · first_building Stable |
| 24:09 | _Riley_ · age_up castle |
| 24:33 | _Riley_ · first_building Monastery |
| 25:42 | [DDocs] Dr.Elektrostuhl · wall_segment Palisade Wall x1 |
| 25:49 | _Riley_ · first_building Siege Workshop |
| 26:29 | _Riley_ · first_market_sell 100 stone |
| 29:08 | [DDocs] Dr.Elektrostuhl · first_market_sell 100 food |
| 30:47 | _Riley_ · first_building Castle |
| 33:23 | [DDocs] Dr.Elektrostuhl · resign |
[ AI ANALYSIS · 1 CREDIT ]
What really happened in this match?
Wolo.gg analyzes every decision: build order, eco, micro, common mistakes by bracket. Personalized analysis on WhatsApp or Discord in 30 seconds.
Civ guide
Khmer
Perfil
[DDocs] Dr.Elektrostuhl